 Dungeon Crawl Stone Soup version 0.27-a0-604-g29a88b33a7 (webtiles) character file.

Game seed: 3918497892684438026

5627 PentaManta the Grappler (level 10, -10/100 HPs)
             Began as a Troll Abyssal Knight on Mar 12, 2021.
             Was an Elder of Lugonu.
             Mangled by an orc warrior
             ... wielding a +0 halberd
              (11 damage)
             ... while paralysed by a hornet
             ... on level 7 of the Dungeon.
             The game lasted 00:15:07 (5844 turns).

PentaManta the Grappler (Troll Abyssal Knight)      Turns: 5844, Time: 00:15:07

Health: -10/100    AC:  8    Str: 25    XL:     10   Next: 46%
Magic:  14/14      EV:  1    Int:  8    God:    Lugonu [****..]
Gold:   392        SH:  0    Dex:  9    Spells: 9/9 levels left

rFire    . . .     SeeInvis +     - Unarmed
rCold    . . .     Faith    .   (no shield)
rNeg     . . .     Spirit   .   l - +1 robe {Will+}
rPois    .         Reflect  .   (helmet restricted)
rElec    .         Harm     .   a - +2 cloak {Will+}
rCorr    .         Rampage  .   (gloves unavailable)
Will     +++..                  (boots unavailable)
Stlth    +.........             (no amulet)
HPRegen  1.26/turn              s - ring of see invisible
MPRegen  0.14/turn              x - ring of willpower

@: paralysed, lethally poisoned (-10 -> -13), slowed, studying Dodging
A: large, unfitting armour, claws 3, regeneration 1, shaggy fur 1, tough skin 1
a: Renounce Religion, Depart the Abyss, Bend Space, Banish, Corrupt


You were on level 7 of the Dungeon.
You worshipped Lugonu.
Lugonu was greatly pleased with you.
You visited 2 branches of the dungeon, and saw 8 of its levels.
You visited the Abyss 1 time.

You collected 487 gold pieces.
You spent 95 gold pieces at shops.

Inventory:

Hand Weapons
 F - the +7 scimitar of Symmetry {drain, +Blink Dex+3}
   (You found it on level 7 of the Dungeon)

   A truly terrible weapon, it drains the life of those it strikes.
   It affects your dexterity (+3).
   It lets you blink.
 G - the +4 falchion of Callousness {vorpal, *Drain Dex+6}
   (You found it on level 7 of the Dungeon)

   It inflicts extra damage upon your enemies.
   It affects your dexterity (+6).
   It causes draining when unequipped.
 I - a +3 scimitar of distortion
Armour
 a - a +2 cloak of willpower (worn)
 l - a +1 robe of willpower (worn)
Jewellery
 n - a ring of flight
 s - a ring of see invisible (right claw)
 x - a ring of willpower (left claw)
Wands
 f - a wand of charming (19)
 h - a wand of digging (1)
 j - a wand of flame (13)
 o - a wand of random effects (16)
 u - a wand of polymorph (6)
 E - a wand of acid (13)
Scrolls
 b - 3 scrolls of fog
 p - 2 scrolls of fear
 q - 2 scrolls of enchant armour
 t - 4 scrolls of teleportation {unknown}
 v - a scroll of immolation {unknown}
 y - a scroll of torment {unknown}
 z - 2 scrolls of identify
 B - 2 scrolls of enchant weapon {unknown}
Potions
 c - a potion of haste
 e - 3 potions of attraction
 g - 4 potions of heal wounds {unknown}
 i - 7 potions of curing {unknown}
 k - 2 potions of berserk rage
 m - 2 potions of flight {unknown}
 r - 2 potions of lignification {unknown}
 w - a potion of degeneration {unknown}
 A - a potion of might
 C - a potion of brilliance {unknown}
 D - 2 potions of magic {unknown}
Miscellaneous
 H - a box of beasts


   Skills:
 * Level 6.8 Fighting
 * Level 6.7 Dodging
 + Level 9.1 Unarmed Combat
 * Level 7.0 Invocations


You had 9 spell levels left.
You didn't know any spells.
Your spell library contained the following spells:

 Spells                   Type           Power      Damage    Failure   Level
 Foxfire                  Conj/Fire      0%         2x1d4     41%         1
 Passwall                 Tmut/Erth      0%         N/A       54%         2
 Swiftness                Air            0%         N/A       54%         2
 Conjure Flame            Conj/Fire      0%         6-21      78%         3
 Inner Flame              Hex/Fire       0%         N/A       78%         3
 Passage of Golubria      Tloc           N/A        N/A       99%         4
 Sticky Flame             Conj/Fire      0%         2d3       99%         4
 Fireball                 Conj/Fire      0%         3d3       100%        5
 Lee's Rapid Deconstruct  Erth           0%         3d5*      100%        5
 Invisibility             Hex            0%         N/A       100%        6


Dungeon Overview and Level Annotations

Branches:
Dungeon (7/15)             Temple (1/1) D:6

Altars:
Ashenzari
Cheibriados
Dithmenos
Elyvilon
Fedhas
Gozag
Hepliaklqana
Kikubaaqudgha
Makhleb
Nemelex Xobeh
Okawaru
Qazlal
Ru
Sif Muna
Trog
Uskayaw
Vehumet
Wu Jian
Xom
Yredelemnul
Zin
The Shining One

Shops:
D:4 :[*=   D:5 (   D:6 *


Innate Abilities, Weirdness & Mutations

You are too large for most types of armour.
You have claws for hands.
Your natural rate of healing is unusually fast.
You are covered in fur. (AC +1)
You have tough skin. (AC +1)


Message History

Aim: a killer bee (26% to hit)
You throw a curare-tipped dart.
The curare-tipped dart misses the killer bee.
The killer bee stings you.
You are poisoned.
The killer bee poisons you! The killer bee stings you.
You are more poisoned.
The killer bee poisons you!
You claw the killer bee!
The killer bee is almost dead.
You feel sick. The killer bee stings you.
You are more poisoned.
The killer bee poisons you!
You barely miss the killer bee.
The killer bee is almost dead.
You feel sick.
The killer bee stings you but does no damage. x2
You miss the killer bee.
The killer bee is almost dead.
You feel sick.
The killer bee stings you but does no damage.
The orc warrior hits you from afar with a +0 halberd!
You claw the killer bee!
You kill the killer bee!
Lugonu accepts your kill.
You feel sick. The hornet stings you!
You feel yourself slow down.
You closely miss the hornet.
You feel yourself speed up.
You feel sick.
The orc warrior hits you from afar with a +0 halberd!!
* * * LOW HITPOINT WARNING * * *
The hornet stings you!
* * * LOW HITPOINT WARNING * * *
You are more poisoned.
You suddenly lose the ability to move!
You feel sick. The hornet stings you!
* * * LOW HITPOINT WARNING * * *
You feel yourself slow down.
The orc warrior hits you from afar with a +0 halberd!
You die...

######.##.##..##..#..##.##..#.###
#..#.##.#....#..##.##..#....
##.#'#########'##'##'#######
#.##.#=...(#.##.##.#######.
#..#.##...##.##.##.........
##.##.#...#.##..)##[#####.#
#..#.##.##.##.#.##)......#
##.##.#.#.##.#.#.##.###.##
#..#.#'#@##.....##†)...##
##.##.oy##.......##.#.###
#..#..S##.#.#.#.##...###
##.##.##.#.#.#.#.##.##.#
#..#.##.........##.##..
##.#############..#####
#.####################
#.....................
##....................


You could see a hornet, an orc warrior and an adder.

Vanquished Creatures
  A two-headed ogre (D:7)
  An unseen horror (D:7)
  A cyclops (D:7)
  Prince Ribbit (D:5)
  Grinder (D:4)
  Sigmund (D:4)
  2 yaks (D:7)
  Eustachio (D:4)
  Edmund (D:4)
  Duvessa (D:5)
  2 ice beasts
  2 orc warriors
  2 sky beasts (D:7)
  A centaur (D:5)
  2 ogres
  Blork the orc (D:6)
  5 bullfrogs
  A wyvern zombie (D:7)
  Dowan (D:5)
  A scorpion (D:4)
  A killer bee (D:7)
  A howler monkey (D:5)
  5 wights (D:7)
  2 bullfrog zombies
  A quasit (D:6)
  6 hounds
  3 jellies (D:7)
  Crazy Yiuf (D:2)
  A centaur zombie (D:7)
  4 orc priests (D:5)
  An iguana (D:5)
  Jessica (D:2)
  5 orc wizards
  6 worker ants
  A killer bee zombie (D:5)
  A hound skeleton (D:5)
  A worker ant zombie (D:6)
  Robin (D:1)
  10 adders
  10 gnolls
  2 white imps (D:6)
  An ufetubus (D:7)
  3 oozes
  2 adder zombies
  3 worms
  A dart slug (D:1)
  8 leopard geckos
  14 orcs
  4 giant cockroaches
  13 goblins
  7 hobgoblins
  4 jackals (D:1)
  3 quokkas
  6 bats
  3 frilled lizards
  7 kobolds
  2 quokka zombies (D:5)
  3 rats (D:1)
177 creatures vanquished.

Vanquished Creatures (others)
  5 toadstools (D:6)
5 creatures vanquished.

Grand Total: 182 creatures vanquished

Notes
Turn   | Place    | Note
-------+----------+-------------------------------------------
     0 | Abyss:1  | PentaManta the Troll Abyssal Knight began the quest for the
                  | Orb.
     0 | Abyss:1  | Reached XP level 1. HP: 22/22 MP: 1/1
    83 | Abyss:1  | Noticed a small abomination
    95 | D:1      | Escaped the Abyss
   167 | D:1      | Reached XP level 2. HP: 29/29 MP: 2/2
   247 | D:1      | Reached * piety under Lugonu
   252 | D:1      | Reached skill level 3 in Unarmed Combat
   627 | D:2      | Noticed Robin
   645 | D:1      | Reached XP level 3. HP: 6/36 MP: 3/3
   754 | D:1      | Killed Robin
   755 | D:1      | Reached skill level 4 in Unarmed Combat
   883 | D:2      | Reached XP level 4. HP: 42/44 MP: 4/4
   913 | D:2      | Reached ** piety under Lugonu
   978 | D:2      | Found an ornate altar of the Wu Jian Council.
   978 | D:2      | Found a burning altar of Makhleb.
  1017 | D:2      | Found a runed translucent door.
  1018 | D:2      | Noticed Crazy Yiuf
  1111 | D:2      | Noticed Jessica
  1113 | D:2      | Killed Jessica
  1272 | D:2      | Killed Crazy Yiuf
  1273 | D:2      | Reached skill level 5 in Unarmed Combat
  1344 | D:3      | Reached XP level 5. HP: 50/50 MP: 5/5
  1444 | D:3      | Found a sacrificial altar of Ru.
  1445 | D:3      | Found a shimmering blue altar of Sif Muna.
  2218 | D:4      | Reached skill level 6 in Unarmed Combat
  2229 | D:4      | Found Zunirr's General Store.
  2240 | D:4      | Bought a scroll of fear for 38 gold pieces
  2256 | D:4      | Found Pemathrewk's Jewellery Boutique.
  2325 | D:4      | Noticed Sigmund
  2334 | D:4      | Killed Sigmund
  2335 | D:4      | Reached skill level 7 in Unarmed Combat
  2335 | D:4      | Reached XP level 6. HP: 59/59 MP: 6/6
  2375 | D:4      | Noticed Eustachio
  2385 | D:4      | Killed Eustachio
  2386 | D:4      | Reached XP level 7. HP: 49/66 MP: 7/7
  2557 | D:4      | Noticed Grinder
  2564 | D:4      | Killed Grinder
  2644 | D:4      | Found Jatoir's Antique Armour Emporium.
  2651 | D:4      | Found Wuink's Book Boutique.
  2702 | D:4      | Noticed Edmund
  2720 | D:4      | Killed Edmund
  2805 | D:5      | Entered Level 5 of the Dungeon
  2805 | D:5      | Noticed Duvessa
  2806 | D:5      | Noticed Dowan
  2930 | D:5      | Noticed Prince Ribbit
  2970 | D:5      | Killed Prince Ribbit
  2971 | D:5      | Reached XP level 8. HP: 57/78 MP: 9/9
  3026 | D:5      | Reached *** piety under Lugonu
  3284 | D:5      | Reached skill level 8 in Unarmed Combat
  3313 | D:5      | Killed Duvessa
  3317 | D:5      | Killed Dowan
  3415 | D:5      | Found Nothudio's Antique Weapon Shop.
  3916 | D:6      | Reached XP level 9. HP: 83/87 MP: 11/11
  3943 | D:6      | Reached skill level 5 in Fighting
  4005 | D:6      | Reached skill level 5 in Invocations
  4035 | D:6      | Noticed Blork the orc
  4045 | D:6      | Killed Blork the orc
  4047 | D:6      | Reached **** piety under Lugonu
  4277 | D:6      | Found Towyozeck's Assorted Antiques.
  4285 | D:6      | Bought a scroll labelled URUSIC MIPH for 30 gold pieces
  4285 | D:6      | Bought a metallic green potion for 27 gold pieces
  4353 | D:6      | Found a staircase to the Ecumenical Temple.
  4395 | Temple   | Entered the Ecumenical Temple
  4713 | D:6      | Reached skill level 5 in Dodging
  5163 | D:7      | Noticed a cyclops
  5167 | D:7      | Found a runed translucent door.
  5338 | D:7      | Noticed a two-headed ogre
  5353 | D:7      | Killed a two-headed ogre
  5353 | D:7      | Noticed an unseen horror
  5354 | D:7      | Reached XP level 10. HP: 57/98 MP: 13/13
  5376 | D:7      | Killed an unseen horror
  5377 | D:7      | Reached skill level 9 in Unarmed Combat
  5401 | D:7      | Identified the +7 scimitar of Symmetry {drain, +Blink
                  | Dex+3}
  5404 | D:7      | Identified the +4 falchion of Callousness {vorpal, *Drain
                  | Dex+6}
  5837 | D:7      | Killed a cyclops
  5843 | D:7      | Paralysed by a hornet for 3 turns
  5844 | D:7      | HP: 1/100 [hornet (11)]
  5844 | D:7      | Mangled by an orc warrior

Illustrated notes

Levels and vault maps discovered:
D:1:      minmay_arrival_diagonal_passages, layout_rooms
D:2:      layout_rooms, gammafunk_temple_overflow_pools, minivault_11,
          uniq_jessica, uniq_robin, uniq_crazy_yiuf_cottage
D:3:      layout_basic, gammafunk_temple_overflow_statue
D:4:      layout_basic, serial_shops, shop, nicolae_shop_trees, shop, shop,
          uniq_grinder, uniq_edmund, uniq_sigmund, uniq_eustachio
D:5:      layout_layer_cave, serial_shops, shop, minmay_bent, uniq_duvessa,
          uniq_prince_ribbit1
D:6:      layout_basic, temple_statues, serial_shops, shop, st_stairs_10,
          minmay_gold_behind_fungi, uniq_blork_the_orc
D:7:      minmay_the_grid_triangle_9x9_rhombus_full
          [minmay_the_grid_triangle_9x9_subtriangle,
          minmay_the_grid_triangle_9x9_zippers_horizontal,
          minmay_the_grid_triangle_9x9_flanged_cone,
          minmay_the_grid_triangle_9x9_swiss_cheese,
          minmay_the_grid_triangle_9x9_corruption,
          minmay_the_grid_triangle_9x9_intruding_spiral,
          minmay_the_grid_triangle_9x9_steps,
          minmay_the_grid_triangle_9x9_prize_schism], layout_basic
Temple:   eino_narrow_crystal_temple

Skill      XL: |  1  2  3  4  5  6  7  8  9 10 |
---------------+-------------------------------+-----
Unarmed Combat | 3 4 5 7 8 9 |  9.1
Dodging        | 2 3 4 6 |  6.7
Invocations    | 2 3 4 6 7 |  7.0
Fighting       | 3 4 6 |  6.8

Action                   |  1- 3 |  4- 6 |  7- 9 | 10-12 || total
-------------------------+-------+-------+-------+-------++-------
Melee: Unarmed           |   107 |    71 |   353 |    36 ||   567
       Punch             |     2 |     2 |    13 |     1 ||    18
Throw: Dart              |       |     1 |     1 |     1 ||     3
Invok: Depart the Abyss  |     1 |       |       |       ||     1
  Use: Scroll            |       |     7 |       |       ||     7
       Potion            |       |     1 |       |       ||     1
 Stab: Sleeping          |       |     1 |       |       ||     1
Armor: Robe              |    71 |    40 |   143 |     4 ||   258
Dodge: Dodged            |    89 |    38 |   186 |    15 ||   328

Table legend: (Time is in decaauts)
 A = Elapsed time spent in this place.
 B = Non-inter-level travel time spent in this place.
 C = Inter-level travel time spent in this place.
 D = Time resting spent in this place.
 E = Time spent auto-exploring this place.
 F = Levels seen in this place.
 G = Mean time per level.
                   A        B        C        D        E       F      G
               +--------+--------+--------+--------+--------+-----+--------+
         Total |   5783 |   5542 |    241 |     17 |   4323 |   9 |  642.6 |
       Dungeon |   5498 |   5270 |    228 |     17 |   4066 |   7 |  785.4 |
        Temple |    189 |    176 |     13 |      0 |    175 |   1 |  189.0 |
         Abyss |     95 |     95 |      0 |      0 |     82 |   1 |   95.0 |
               +--------+--------+--------+--------+--------+-----+--------+

Top non-repeatable levels by time:
     D:5: 1005 daAuts
     D:7: 926 daAuts
     D:3: 850 daAuts
     D:6: 830 daAuts
     D:1: 674 daAuts
     D:4: 643 daAuts
     D:2: 567 daAuts
  Temple: 189 daAuts
 Abyss:1: 95 daAuts
